 Dungeon Crawl Stone Soup version 0.26-a0-466-g989023bd0d (webtiles) character file.

Game seed: 4923123016575586787

521 HoaS the Grappler (level 7, -5/55 HPs)
             Began as a Ghoul Gladiator on Aug 9, 2020.
             Killed from afar by Dowan (15 damage)
             ... with a shard of ice
             ... on level 4 of the Dungeon.
             The game lasted 00:07:07 (2217 turns).

HoaS the Grappler (Ghoul Gladiator)                 Turns: 2217, Time: 00:07:07

Health: -5/55      AC: 15    Str: 19    XL:     7   Next: 21%
Magic:  6/6        EV: 12    Int:  3    God:
Gold:   147        SH:  0    Dex: 11    Spells: 6/6 levels left

rFire    . . .     SeeInvis .     - Unarmed
rCold    + + .     Faith    .   (no shield)
rNeg     + + +     Spirit   .   p - +3 leather armour
rPois    ∞         Reflect  .   i - +2 helmet
rElec    .         Harm     .   e - +2 cloak
rCorr    .                      (no gloves)
MR       .....                  l - +2 pair of boots
Stlth    +.........             (no amulet)
HPRegen  0.00/turn              o - ring of protection from cold
MPRegen  0.10/turn              (no ring)

@: no status effects
A: rotting body, claws 1, cold resistance 1, negative energy resistance 3,
inhibited regeneration, torment resistance, unbreathing
a: no special abilities


You were on level 4 of the Dungeon.
You visited 1 branch of the dungeon, and saw 4 of its levels.

You collected 147 gold pieces.

Inventory:

Missiles
 c - 3 throwing nets (quivered)
Armour
 e - a +2 cloak (worn)
 i - a +2 helmet (worn)
 l - a +2 pair of boots (worn)
 p - a +3 leather armour (worn)
Jewellery
 o - a ring of protection from cold (left claw)
Wands
 m - a wand of flame (16)
Scrolls
 b - a scroll of enchant armour
 f - 2 scrolls of identify
 k - 2 scrolls of remove curse
Potions
 a - 3 potions of haste
 d - a potion of ambrosia {unknown}
 g - a potion of degeneration {unknown}
 h - 3 potions of might {unknown}
 j - a potion of heal wounds {unknown}


   Skills:
 - Level 2.1 Fighting
 - Level 1.7 Throwing
 - Level 2.6 Dodging
 + Level 8.8 Unarmed Combat


You had 6 spell levels left.
You didn't know any spells.
Your spell library was empty.

Dungeon Overview and Level Annotations

Branches:
Dungeon (4/15)
 Temple: D:4-7

Altars:
Dithmenos
Sif Muna
Uskayaw
Yredelemnul

Annotations:
D:4 Dowan


Innate Abilities, Weirdness & Mutations

Your body is rotting away.
You thrive by killing the living.
You are immune to poison.
You have sharp fingernails.
Your flesh is cold resistant. (rC+)
You are immune to negative energy. (rN+++)
You do not regenerate when monsters are visible.
You are immune to unholy pain and torment.
You can survive without breathing.


Message History

You barely miss Duvessa.
Duvessa is almost dead.
Duvessa hits you with a +0 short sword of electrocution!
You are electrocuted!
* * * LOW HITPOINT WARNING * * *
You scratch Duvessa.
Duvessa is almost dead.
Duvessa misses you.
You scratch Duvessa but do no damage.
Duvessa is almost dead.
You scratch Duvessa.
You kill Duvessa!
You hear a distant wail of despair.
You have reached level 7!
Okay, then.
Okay, then.
Dowan seems to find hidden reserves of power!
Dowan points at you and mumbles some strange words.
The shard of ice hits you! You partially resist.
You die...

#'# .... #)# #.. #.#
.). #.# #.# ### #e#
#.#... #####.#
####.#.##### #.....#
#........... #.....#
#.##.#.######
#....@####.##.#.#.....
#..........#....#.#...
###+#.###..#..###.#.##
#.# #..#.......... #.#
#..#.####.#.## #.#
#.... #.#.# #.#
#..#.####.#.# #.#
#..#........##
#.#....########...


You could see Dowan (fast).

Vanquished Creatures
  Duvessa (D:4)
  A centaur (D:3)
  A scorpion (D:4)
  A howler monkey (D:3)
  A hound (D:4)
  An orc priest (D:3)
  Jessica (D:3)
  An orc wizard (D:3)
  Robin (D:2)
  5 adders
  An ooze (D:2)
  4 worms
  3 dart slugs
  2 orcs (D:3)
  A ball python (D:1)
  6 bats
  3 giant cockroaches
  13 goblins
  5 hobgoblins
  3 jackals (D:3)
  5 frilled lizards (D:1)
  7 kobolds
  8 rats
75 creatures vanquished.

Notes
Turn   | Place    | Note
-------+----------+-------------------------------------------
     0 | D:1      | HoaS the Ghoul Gladiator began the quest for the Orb.
     0 | D:1      | Reached XP level 1. HP: 17/17 MP: 0/0
   274 | D:1      | Reached skill level 4 in Unarmed Combat
   274 | D:1      | Reached XP level 2. HP: 24/24 MP: 1/1
   460 | D:2      | Noticed Robin
   486 | D:1      | Reached XP level 3. HP: 22/29 MP: 2/2
   717 | D:1      | Reached skill level 5 in Unarmed Combat
   726 | D:2      | Killed Robin
   762 | D:2      | Reached XP level 4. HP: 35/36 MP: 3/3
  1090 | D:2      | Found a basalt altar of Yredelemnul.
  1498 | D:3      | Noticed a centaur
  1511 | D:3      | Killed a centaur
  1511 | D:3      | Reached skill level 6 in Unarmed Combat
  1511 | D:3      | Reached XP level 5. HP: 26/41 MP: 4/4
  1752 | D:3      | Reached skill level 7 in Unarmed Combat
  1757 | D:3      | Found a hide-covered altar of Uskayaw.
  1758 | D:3      | Found a shadowy altar of Dithmenos.
  1791 | D:3      | Found a shimmering blue altar of Sif Muna.
  1809 | D:3      | Noticed Jessica
  1814 | D:3      | Killed Jessica
  1814 | D:3      | Reached XP level 6. HP: 48/48 MP: 5/5
  2173 | D:4      | Reached skill level 8 in Unarmed Combat
  2194 | D:4      | Noticed Dowan
  2196 | D:4      | Noticed Duvessa
  2211 | D:4      | Killed Duvessa
  2211 | D:4      | Reached XP level 7. HP: 10/55 MP: 6/6
  2217 | D:4      | Killed from afar by Dowan

Illustrated notes

Levels and vault maps discovered:
D:1:      wander_arrival_chamber, layout_basic
D:2:      layout_loops_ring, lemuel_round_altar, minmay_tetromino_s2, uniq_robin
D:3:      layout_basic, nicolae_overflow_hidden_temple, led_sif_pool,
          uniq_jessica
D:4:      layout_basic, gammafunk_ghost_stat_death, minmay_manual_mares,
          uniq_duvessa, uniq_grinder

Skill      XL: |  1  2  3  4  5  6 |
---------------+-------------------+-----
Unarmed Combat | 4 5 6 7 8 |  8.8
Fighting       | |  2.1
Throwing       | |  1.7
Dodging        | |  2.6

Action                   |  1- 3 |  4- 6 |  7- 9 || total
-------------------------+-------+-------+-------++-------
Melee: Unarmed           |    88 |   136 |       ||   224
       Punch             |     1 |     4 |       ||     5
  Use: Scroll            |     4 |     4 |       ||     8
Armor: Leather armour    |    39 |    31 |       ||    70
       Scale mail        |       |    25 |       ||    25
Dodge: Dodged            |    55 |    70 |       ||   125

Table legend: (Time is in decaauts)
 A = Elapsed time spent in this place.
 B = Non-inter-level travel time spent in this place.
 C = Inter-level travel time spent in this place.
 D = Time resting spent in this place.
 E = Time spent auto-exploring this place.
 F = Levels seen in this place.
 G = Mean time per level.
                   A        B        C        D        E       F      G
               +--------+--------+--------+--------+--------+-----+--------+
         Total |   2199 |   2151 |     48 |    286 |   1296 |   4 |  549.8 |
       Dungeon |   2199 |   2151 |     48 |    286 |   1296 |   4 |  549.8 |
               +--------+--------+--------+--------+--------+-----+--------+

Top non-repeatable levels by time:
     D:2: 800 daAuts
     D:1: 693 daAuts
     D:3: 631 daAuts
     D:4: 73 daAuts
